 Dungeon Crawl Stone Soup version 0.25-a0-2-g6559c6c67a (webtiles) character file.

Game seed: 6427150255220191333, levelgen mode: deterministic

467346 Mort the Executioner (level 23, -2/217 HPs)
             Began as a Minotaur Assassin on Oct 13, 2019.
             Was an Initiate of Gozag.
             Slain by a spriggan defender
             ... wielding a +0 rapier of draining
             ... led by the Enchantress
              (10 damage)
             ... on level 4 of the Depths on Oct 14, 2019.
             The game lasted 04:10:45 (70879 turns).

Mort the Executioner (Minotaur Assassin)           Turns: 70879, Time: 04:10:46

Health: -2/217     AC: 26    Str: 27    XL:     23   Next: 47%
Magic:  31/31      EV: 17    Int:  9    God:    Gozag
Gold:   2022       SH:  0    Dex: 13    Spells: 22/22 levels left

rFire    + + .     SeeInvis +   a - +4 battleaxe (freeze)
rCold    . . .     Gourm    .   (shield currently unavailable)
rNeg     . . .     Faith    .   t - +1 plate armour {MR+}
rPois    .         Spirit   .   h - +1 hat {Int+3}
rElec    +         Reflect  .   X - scarf {repulsion}
rCorr    .         Harm     .   T - +1 pair of gloves of Resonance {rF++}
MR       +++..                  V - +2 pair of boots of Surprise {rElec Dex+2}
Stlth    ..........             j - amulet of regeneration
HPRegen  0.86/turn              p - ring of protection from magic
MPRegen  0.22/turn              i - ring "Detrar" {Str+4 SInv}

@: about to teleport, heavily drained, repel missiles
A: retaliatory headbutt, horns 2, [dopey 2], [screaming 2], [weak 1]
}: 2/15 runes: barnacled, gossamer
a: Potion Petition, Call Merchant, Bribe Branch, Renounce Religion


You were on level 4 of the Depths.
You worshipped Gozag.
Gozag was most pleased with you.
You were not hungry.

You visited 9 branches of the dungeon, and saw 43 of its levels.
You visited the Abyss 1 time.
You also visited: Ossuary, Gauntlet and Ice Cave.

You collected 24856 gold pieces.
You spent 5766 gold pieces at shops.
You paid 17068 gold pieces to Gozag.

Inventory:

Hand Weapons
 a - a +4 battleaxe of freezing (weapon)
 b - the +9 heavy crossbow "Sniper" {velocity, Acc+∞ SInv}
   (You bought it in a shop on level 8 of the Dungeon)

   Any bolt fired from it inflicts extra damage.
   It lets you see invisible.
 q - the +4 executioner's axe of the Sybil {flame, rC+ Str-2 Dex+4}
   (You acquired it on level 14 of the Dungeon)

   It has been specially enchanted to burn those struck by it, causing extra
   injury to most foes and up to half again as much damage against particularly
   susceptible opponents.
   Big, fiery blades are also staple armaments of hydra-hunters.
   It affects your strength (-2).
   It affects your dexterity (+4).
   It protects you from cold.
Missiles
 e - 15 curare-tipped darts
 z - 2324 bolts
 G - 20 throwing nets
 W - 28 poisoned darts (quivered)
Armour
 d - the +0 cloak of the Tick {rF+}
   (You found it on level 4 of the Shoals)

   It protects you from fire.
 h - a +1 hat of intelligence (worn)
 t - a +1 plate armour of magic resistance (worn)
 T - the +1 pair of gloves of Resonance (worn) {rF++}
   (You bought it in a shop on level 9 of the Dungeon)

   It greatly protects you from fire.
 V - the +2 pair of boots of Surprise (worn) {rElec Dex+2}
   (You bought it in a shop on level 6 of the Lair of Beasts)

   It affects your dexterity (+2).
   It insulates you from electricity.
 X - a scarf of repulsion (worn)
Jewellery
 c - an uncursed ring of resist corrosion
 i - the ring "Detrar" (right hand) {Str+4 SInv}
   (You found it on level 1 of the Shoals)

   [ring of see invisible]

   It affects your strength (+4).
   It lets you see invisible.
 j - an amulet of regeneration (around neck)
 n - the ring of Phasing {EV+8}
   (You took it off a deep elf high priest on level 3 of the Elven Halls)

   [ring of evasion]

   It affects your evasion (+8).
 p - a ring of protection from magic (left hand)
 w - an uncursed ring of protection from magic
 F - an uncursed ring of poison resistance
 Y - an uncursed ring of protection from cold
 Z - an uncursed ring of protection from cold
Wands
 u - a wand of clouds (7)
 y - a wand of scattershot (10)
 A - a wand of enslavement (27)
 C - a wand of paralysis (18)
 J - a wand of digging (10)
 P - a wand of iceblast (32)
 U - a wand of acid (24)
Scrolls
 k - 15 scrolls of remove curse
 l - 10 scrolls of immolation
 m - 9 scrolls of enchant armour
 o - 3 scrolls of fear
 s - 7 scrolls of teleportation
 v - 3 scrolls of noise
 x - 9 scrolls of identify
 I - 4 scrolls of fog
 K - 7 scrolls of enchant weapon
 M - a scroll of amnesia
 S - 4 scrolls of brand weapon
Potions
 g - 4 potions of haste
 r - 4 potions of ambrosia
 B - 2 potions of invisibility
 D - 3 potions of might
 E - 5 potions of cancellation
 H - 5 potions of mutation
 L - 5 potions of lignification
 N - 15 potions of curing
 O - 8 potions of flight
 R - 3 potions of resistance
Miscellaneous
 Q - 3 boxes of beasts
Comestibles
 f - 35 rations


   Skills:
 + Level 20.5(17.1) Fighting
   Level 2.1(0.0) Short Blades
 - Level 26.0(22.1) Axes
 - Level 7.0(4.5) Crossbows
 - Level 2.0(0.0) Throwing
 + Level 21.5(18.0) Armour
 + Level 20.4(17.0) Dodging
 - Level 3.2(1.0) Stealth
 - Level 12.0(9.1) Evocations


You had 22 spell levels left.
You didn't know any spells.
Your spell library contained the following spells:

 Spells                   Type           Power        Failure   Level  Hunger
 Animate Skeleton         Necr           N/A          91%         1    ##.....
 Apportation              Tloc           #.....       91%         1    ##.....
 Beastly Appendage        Tmut           #.....       91%         1    ##.....
 Confusing Touch          Hex            #.....       91%         1    ##.....
 Corona                   Hex            #......      91%         1    ##.....
 Magic Dart               Conj           #...         91%         1    ##.....
 Sandblast                Erth           #.....       91%         1    ##.....
 Sting                    Conj/Pois      #...         91%         1    ##.....
 Summon Butterflies       Summ           #.......     91%         1    ##.....
 Summon Small Mammal      Summ           #...         91%         1    ##.....
 Blink                    Tloc           N/A          97%         2    ###....
 Call Imp                 Summ           #.......     97%         2    ###....
 Passwall                 Tmut/Erth      #.......     97%         2    ###....
 Poisonous Vapours        Pois/Air       #.....       97%         2    ###....
 Searing Ray              Conj           #.....       97%         2    ###....
 Shroud of Golubria       Chrm/Tloc      #.....       97%         2    ###....
 Slow                     Hex            #.......     97%         2    ###....
 Throw Frost              Conj/Ice       #.....       97%         2    ###....
 Call Canine Familiar     Summ           #.......     100%        3    ####...
 Conjure Flame            Conj/Fire      #.......     100%        3    ####...
 Dazzling Spray           Conj/Hex       #.....       100%        3    ####...
 Gell's Gravitas          Tloc           #.........   100%        3    ####...
 Ignite Poison            Fire/Tmut/Pois #.......     100%        3    ####...
 Inner Flame              Hex/Fire       #.......     100%        3    ####...
 Lesser Beckoning         Tloc           #.........   100%        3    ####...
 Mephitic Cloud           Conj/Pois/Air  #.......     100%        3    ####...
 Portal Projectile        Hex/Tloc       #.....       100%        3    ####...
 Spider Form              Tmut/Pois      #.........   100%        3    ####...
 Stone Arrow              Conj/Erth      #.....       100%        3    ####...
 Summon Guardian Golem    Hex/Summ       #.......     100%        3    ####...
 Teleport Other           Tloc           #.......     100%        3    ####...
 Cause Fear               Hex            #.........   100%        4    #####..
 Force Lance              Conj/Tloc      #.......     100%        4    #####..
 Fulminant Prism          Conj/Hex       #.........   100%        4    #####..
 Ice Form                 Ice/Tmut       #.......     100%        4    #####..
 Iskenderun's Mystic Bla  Conj           #.......     100%        4    #####..
 Leda's Liquefaction      Hex/Erth       #.........   100%        4    #####..
 Olgreb's Toxic Radiance  Pois           #.......     100%        4    #####..
 Passage of Golubria      Tloc           N/A          100%        4    #####..
 Petrify                  Tmut/Erth      #.......     100%        4    #####..
 Summon Ice Beast         Ice/Summ       #.......     100%        4    #####..
 Summon Lightning Spire   Summ/Air       #.......     100%        4    #####..
 Agony                    Necr           #.......     100%        5    ######.
 Bolt of Magma            Conj/Fire/Erth #.........   100%        5    ######.
 Fireball                 Conj/Fire      #.........   100%        5    ######.
 Irradiate                Conj/Tmut      #.........   100%        5    ######.
 Iskenderun's Battlesphe  Conj/Chrm      #.......     100%        5    ######.
 Lee's Rapid Deconstruct  Erth           #.........   100%        5    ######.
 Metabolic Englaciation   Hex/Ice        #.........   100%        5    ######.
 Silence                  Hex/Air        #.........   100%        5    ######.
 Summon Mana Viper        Hex/Summ       #.......     100%        5    ######.
 Venom Bolt               Conj/Pois      #.........   100%        5    ######.
 Yara's Violent Unravell  Hex/Tmut       #.........   100%        5    ######.
 Bolt of Cold             Conj/Ice       #.........   100%        6    #######
 Bolt of Fire             Conj/Fire      #.........   100%        6    #######
 Conjure Ball Lightning   Conj/Air       #.........   100%        6    #######
 Death Channel            Necr           #.........   100%        6    #######
 Deflect Missiles         Chrm/Air       #.........   100%        6    #######
 Dispersal                Tloc           #.........   100%        6    #######
 Freezing Cloud           Conj/Ice/Air   #.........   100%        6    #######
 Iron Shot                Conj/Erth      #.........   100%        6    #######
 Ozocubu's Refrigeration  Ice            #.........   100%        6    #######
 Simulacrum               Ice/Necr       #.........   100%        6    #######
 Statue Form              Tmut/Erth      #........    100%        6    #######
 Haunt                    Necr/Summ      #.........   100%        7    #######
 Malign Gateway           Summ/Tloc      #.........   100%        7    #######
 Monstrous Menagerie      Summ           #.........   100%        7    #######
 Orb of Destruction       Conj           #.........   100%        7    #######
 Ring of Flames           Chrm/Fire      #.........   100%        7    #######
 Spellforged Servitor     Conj/Summ      #.........   100%        7    #######
 Summon Greater Demon     Summ           #.........   100%        7    #######
 Summon Hydra             Summ           #.........   100%        7    #######
 Borgnjor's Revivificati  Necr           #.........   100%        8    #######
 Controlled Blink         Tloc           N/A          100%        8    #######
 Death's Door             Chrm/Necr      #.........   100%        8    #######
 Disjunction              Tloc           #.........   100%        8    #######
 Ignition                 Fire           #.........   100%        8    #######
 Infestation              Necr           #.........   100%        8    #######
 Necromutation            Tmut/Necr      #.........   100%        8    #######
 Summon Horrible Things   Summ           #.........   100%        8    #######
 Shatter                  Erth           #.........   100%        9    #######
 Tornado                  Air            #.........   100%        9    #######


Dungeon Overview and Level Annotations

Branches:
Dungeon (15/15)            Temple (1/1) D:6            Lair (6/6) D:11
 Shoals (4/4) Lair:4       Spider (4/4) Lair:2        Slime (0/5) Lair:6
    Orc (2/2) D:9             Elf (3/3) Orc:2        Vaults (4/5) D:14
  Crypt (0/3) Vaults:3     Depths (4/5) D:15        Ossuary (visited)
  IceCv (visited)         Gauntlet (visited)

Altars:
Ashenzari
Cheibriados
Dithmenos
Elyvilon
Fedhas
Gozag
Hepliaklqana
Kikubaaqudgha
Makhleb
Nemelex Xobeh
Okawaru
Qazlal
Ru
Sif Muna
Trog
Uskayaw
Vehumet
Wu Jian
Xom
Yredelemnul
Zin
The Shining One
Beogh

Shops:
D:7 }   D:8 (   D:9 (*([   D:10 [   D:11 (   D:12 [!(!?   Orc:2 (:**   Elf:2 (
Lair:6 [   Shoals:4 [[   Vaults:1 [(   Vaults:2 [   Vaults:3 [   Depths:1 (([
Depths:4 [

Portals:
Hell: Depths:1 Depths:2 Depths:3 Depths:4
Abyss: Depths:4
Pandemonium: Orc:2 Depths:3
Ziggurat: Depths:4

Annotations:
Lair:6 exclusion: 3 oklob plants
Spider:1 3 runed translucent doors, Kolostyj's ghost, adept OpWn; Len Mot's ghost, journeyman MiBe; Zaguo's ghost, adept MfTm
Orc:2 3 runed translucent doors, Amen's ghost, journeyman GnWz; PlumEater's ghost, journeyman GrEE; Toftenius's ghost, journeyman MiFi; alprk's ghost, journeyman MiMo
Depths:4 the Enchantress


Innate Abilities, Weirdness & Mutations

You reflexively headbutt those who attack you in melee.
You have a pair of horns on your head.
[You are very dopey. (Int -4)]
[You sometimes yell uncontrollably at your foes.]
[You are weak. (Str -2)]


Message History

The spriggan berserker resists with some effort.
The spriggan looks frightened!
The spriggan defender hits you with a +5 demon whip of electrocution!!
* * * LOW HITPOINT WARNING * * *
The spriggan defender hits you but does no damage.
You feel drained.
The Enchantress hits you with a +4 flail of venom.
* * * LOW HITPOINT WARNING * * *
You are lethally poisoned!
Unknown command.
You feel better.
The spriggan defender closely misses you.
The ancient zyme closely misses you. You furiously retaliate!
You headbutt the ancient zyme. The ancient zyme misses you.
You feel yourself growing ill in the presence of the ancient zyme.
The spriggan defender hits you with a +5 demon whip of electrocution.
* * * LOW HITPOINT WARNING * * *
The spriggan defender hits you with a +0 rapier of draining!
You die...
Your body crumbles into a pile of gold.

#..## #.....##.## ##..# #......
##..####.#.##..)###..## ##......
##......#.#..#.....## #....... #
########.##.####### ##)...... ##
#.#.......# ##........ .###
#...###..## ###[[.......
...#####.#.....#.#####...........
.......#####'#####...i...∩.......
...............i@xi..#.....#...i.
###............ii#.........##....
# ##............#.....###..#i....
## #.............^.....##...ii...
.###...................[.........
...................i.........i...
.............#.#.#.#............P
..........[......................
.............#.#.#.#......i......


You could see the Enchantress, 2 spriggan defenders, a spriggan berserker, an
ancient zyme and 2 spriggans.

Vanquished Creatures
  3 juggernauts
  A golden dragon (Depths:4)
  Arachne (Spider:3)
  A bone dragon (Vaults:3)
  Rupert (D:15)
  Jorgrun (D:15)
  2 tentacled monstrosities
  4 deep elf blademasters
  3 sphinxes
  The ghost of Movoyn the Executioner, an adept MiMo of Qazlal (Shoals:1)
  2 deep elf master archers (Elf:3)
  Polyphemus (Shoals:4)
  Frances (D:13)
  A storm dragon (Depths:1)
  Ilsuiw (Shoals:1)
  4 tengu reavers
  Donald (Spider:3)
  Roxanne (Spider:3)
  6 frost giants
  10 vault wardens
  3 fire giants
  A balrug (Depths:4)
  4 deep elf sorcerers
  2 orc warlords (Depths:3)
  4 ghost moths (Spider:4)
  4 deep elf elementalists
  An iron dragon (Depths:4)
  Louise (D:15)
  16 very ugly things
  7 emperor scorpions
  A spriggan defender (Depths:4)
  12 stone giants
  9 ironheart preservers
  5 vampire knights
  3 entropy weavers
  5 deep elf demonologists (Elf:3)
  A minotaur (Gauntlet)
  2 deep elf annihilators
  4 spark wasps
  A dire elephant (Lair:6)
  Snorg (D:13)
  5 merfolk javelineers
  8 deep elf death magi
  5 ettins
  8 fire dragons
  7 merfolk impalers
  8 great orbs of eyes
  4 deep elf high priests
  11 yaktaur captains
  11 ice dragons
  6 rakshasas
  6 vault guards
  6 hydras
  2 spriggan air magi
  2 catoblepae
  5 merfolk aquamancers
  39 two-headed ogres
  6 centaur warriors
  3 merfolk avatars
  An alligator (Lair:6)
  3 alligator snapping turtles
  3 satyrs
  5 death knights
  11 ogre magi
  2 queen ants
  6 tengu warriors
  5 deep troll shamans
  18 death yaks
  4 orc high priests (Orc:2)
  5 vampire magi
  5 hell knights (Depths:4)
  7 deep troll earth magi
  Urug (Lair:6)
  3 spriggan berserkers
  Sonja (Lair:5)
  Nergalle (Orc:1)
  21 deep elf knights
  2 sun demons (Depths:4)
  A storm dragon zombie (Vaults:4)
  2 wretched stars (Abyss:4)
  3 iron trolls (Depths:1)
  A spatial maelstrom (Abyss:4)
  A shadow wraith (Vaults:2)
  11 sea snakes
  A skeletal warrior (Vaults:3)
  An infernal demonspawn (Orc:2)
  A torturous demonspawn (Orc:2)
  13 deep trolls
  5 unseen horrors
  4 glowing orange brains
  2 fire crabs (shapeshifter)
  A gelid demonspawn (Orc:2)
  7 wizards
  4 flayed ghosts
  3 phantasmal warriors
  9 deep elf archers
  16 ironbrand convokers
  3 necromancers
  18 harpies
  17 orb spiders
  A lindwurm (Lair:6)
  22 wolf spiders
  63 ugly things
  26 orc knights
  10 orc sorcerers
  54 deep elf magi
  6 fauns
  2 salamanders (Depths:3)
  An orb spider (shapeshifter) (D:15)
  9 cyclopes
  13 manticores
  A salamander (shapeshifter) (Depths:3)
  2 guardian serpents (shapeshifter)
  3 large abominations (Abyss:4)
  11 merfolk sirens
  4 black mambas
  2 elephants (Lair:6)
  7 water nymphs
  16 vault sentinels
  Psyche (D:11)
  2 black mambas (shapeshifter) (Depths:1)
  5 gargoyles
  2 ice statues (IceCv)
  14 spiny frogs
  5 centaur skeletons
  2 kobold demonologists
  2 hellions
  6 freezing wraiths
  2 yaktaurs (shapeshifter)
  A spiny frog (shapeshifter) (Vaults:2)
  7 hellwings
  6 rime drakes
  2 rime drakes (shapeshifter)
  5 komodo dragons
  2 ancient zymes (Abyss:4)
  A komodo dragon (shapeshifter) (D:15)
  80 yaktaurs
  9 demonic crawlers
  3 tengu conjurers (Depths:2)
  13 trolls
  13 polar bears
  2 red devils (Depths:3)
  2 queen bees (shapeshifter)
  28 jumping spiders
  26 merfolk
  A wind drake (shapeshifter) (Abyss:4)
  2 wind drakes
  10 slime creatures
  7 hornets
  A hornet (shapeshifter) (Vaults:2)
  A polar bear (shapeshifter) (Vaults:2)
  A slime creature (shapeshifter) (Gauntlet)
  10 dream sheep
  2 ettin zombies (Vaults:3)
  A hippogriff (shapeshifter) (D:15)
  A stone giant simulacrum (Vaults:2)
  4 raiju
  2 frost giant simulacra
  8 snapping turtles
  4 blink frogs (Lair:6)
  9 hippogriffs
  3 air elementals
  Sigmund (D:4)
  56 redbacks
  12 tarantellas
  A vampire (D:15)
  19 water elementals
  2 shadows
  3 spriggans
  3 basilisks
  3 wraiths
  7 wyverns
  A fire elemental (Elf:2)
  62 yaks
  2 neqoxecs (Orc:2)
  4 hungry ghosts
  A steam dragon (D:9)
  4 vampire mosquitoes (D:14)
  2 chaos spawn (Orc:2)
  A swamp worm (shapeshifter) (Elf:2)
  13 wargs
  28 soldier ants
  11 water moccasins
  An acid dragon (shapeshifter) (D:15)
  8 porcupines
  13 hell hounds
  2 small abominations (Abyss:4)
  21 ice beasts
  47 orc warriors
  12 black bears
  An ettin simulacrum (Vaults:2)
  3 eyes of draining
  5 phantoms
  A sky beast (D:6)
  35 ogres
  2 elephant zombies (Lair:4)
  48 wolves
  15 boggarts
  17 centaurs
  A centaur (shapeshifter) (Gauntlet)
  13 crocodiles
  2 komodo dragon zombies (Lair:4)
  An elf zombie (Ossuary)
  3 big kobolds
  3 earth elementals
  20 bullfrogs
  3 gnoll sergeants (D:10)
  A human skeleton (Vaults:4)
  A wyvern skeleton (D:12)
  6 scorpions
  5 killer bees
  5 wights (D:14)
  9 electric eels
  2 howler monkeys
  15 crimson imps
  3 bullfrog zombies
  6 centaur zombies
  2 gnoll shamans (D:10)
  A wyvern simulacrum (D:14)
  3 human simulacra
  3 human zombies
  34 orc priests
  14 hounds
  3 jellies
  8 iguanas
  Jessica (D:3)
  27 worker ants
  21 orc wizards
  A hell rat (Lair:6)
  A big kobold zombie (Ossuary)
  A hound zombie (D:6)
  A hound skeleton (D:7)
  2 mummies (Ossuary)
  2 howler monkey zombies
  8 adders
  26 gnolls
  4 shadow imps
  16 white imps
  An ooze (D:1)
  An adder skeleton (D:4)
  An adder zombie (Ossuary)
  2 worms (D:2)
  2 dart slugs (D:1)
  2 leopard geckos
  109 orcs
  4 giant cockroaches
  5 goblins
  6 hobgoblins
  14 jackals
  22 kobolds
  6 quokkas
  10 bats
  8 frilled lizards
  A goblin zombie (Ossuary)
  10 hobgoblin zombies (Ossuary)
  8 kobold zombies (Ossuary)
  A leopard gecko skeleton (D:9)
  10 orc zombies (Ossuary)
  A quokka skeleton (D:4)
  2 quokka zombies
  6 rats
  A rat zombie (Ossuary)
  A butterfly (Lair:1)
  8 fungi
  6 plants
2057 creatures vanquished.

Vanquished Creatures (others)
  Asterion (Depths:1)
  27 dancing weapons
  A deep elf knight (Elf:2)
  A merfolk siren (Shoals:4)
  A tarantella (Spider:1)
  An orc warrior (Vaults:1)
  2 boggarts
  A shadow imp (Abyss:4)
  An orc (Vaults:3)
  78 bushes (Depths:4)
  17 fungi
  A lurking horror (Abyss:4)
  35 plants
167 creatures vanquished.

Grand Total: 2224 creatures vanquished

Notes
Turn   | Place    | Note
-------+----------+-------------------------------------------
     0 | D:1      | Mort the Minotaur Assassin began the quest for the Orb.
     0 | D:1      | Reached XP level 1. HP: 18/18 MP: 0/0
   278 | D:1      | Reached XP level 2. HP: 26/26 MP: 1/1
   764 | D:1      | Reached XP level 3. HP: 31/31 MP: 2/2
  1208 | D:2      | Found a glowing golden altar of the Shining One.
  1352 | D:2      | Found a shimmering altar of Xom.
  1963 | D:2      | Reached XP level 4. HP: 36/40 MP: 3/3
  2445 | D:2      | Found an ornate altar of the Wu Jian Council.
  2533 | D:3      | Noticed Jessica
  2762 | D:3      | You fall into a shaft and drop 3 floors!
  2768 | D:5      | Entered Level 5 of the Dungeon
  2815 | D:4      | Noticed Sigmund
  2859 | D:3      | Killed Jessica
  2859 | D:3      | Reached skill level 1 in Axes
  3293 | D:3      | Found a sacrificial altar of Ru.
  3404 | D:3      | Found a faded altar of an unknown god.
  3621 | D:4      | Noticed a phantom
  4242 | D:4      | Reached skill level 2 in Axes
  4242 | D:4      | Reached XP level 5. HP: 19/47 MP: 4/4
  4575 | D:4      | Noticed an ogre
  4602 | D:4      | Killed an ogre
  4602 | D:4      | Reached skill level 5 in Fighting
  4602 | D:4      | Reached skill level 3 in Axes
  4602 | D:4      | Reached XP level 6. HP: 43/56 MP: 5/5
  4998 | D:4      | Killed Sigmund
  4998 | D:4      | Reached skill level 4 in Axes
  5030 | D:4      | Reached skill level 5 in Axes
  5030 | D:4      | Reached XP level 7. HP: 54/62 MP: 6/6
  5789 | D:5      | Reached skill level 6 in Axes
  6658 | D:5      | Reached XP level 8. HP: 71/71 MP: 7/7
  6726 | D:6      | Found a staircase to the Ecumenical Temple.
  6737 | Temple   | Entered the Ecumenical Temple
  6960 | Temple   | Became a worshipper of Gozag Ym Sagoz the Greedy
  7004 | D:6      | Reached skill level 7 in Axes
  7368 | D:6      | Found a sparkling altar of Nemelex Xobeh.
  7428 | D:6      | Identified the cursed +1 trident of Prudence {holy, rPois
                  | rN++ Int+2 Dex-5} (You found it on level 6 of the Dungeon)
  7571 | D:7      | Reached skill level 8 in Axes
  7630 | D:7      | Reached skill level 5 in Armour
  8202 | D:7      | Reached skill level 9 in Axes
  8620 | D:7      | Reached XP level 9. HP: 70/81 MP: 8/8
  8727 | D:7      | Found a blossoming altar of Fedhas.
  8991 | D:7      | Reached skill level 10 in Axes
  8997 | D:7      | Found Gaygajuc's Gadget Boutique.
  9136 | D:8      | Found a hazy altar of Hepliaklqana.
  9244 | D:8      | Found a sand-covered staircase.
  9264 | Ossuary  | Entered an ossuary
  9839 | D:8      | Reached skill level 11 in Axes
  9880 | D:8      | Found Zurosurch's Weapon Shop.
 10201 | D:8      | Found a hide-covered altar of Uskayaw.
 10292 | D:8      | Found an iron altar of Okawaru.
 10732 | D:9      | Reached XP level 10. HP: 83/91 MP: 9/9
 11082 | D:9      | Found a staircase to the Orcish Mines.
 11333 | D:9      | Reached skill level 12 in Axes
 11628 | D:10     | Entered Level 10 of the Dungeon
 11937 | D:10     | Noticed a two-headed ogre
 12035 | D:10     | You fall into a shaft and drop 1 floor!
 12037 | D:11     | Noticed a two-headed ogre
 12062 | D:11     | Killed a two-headed ogre
 12062 | D:11     | Reached skill level 10 in Fighting
 12375 | D:11     | Noticed Psyche
 12387 | D:11     | Killed Psyche
 12704 | D:10     | Reached skill level 13 in Axes
 13319 | D:10     | Noticed a white ugly thing
 13729 | D:10     | Killed a two-headed ogre
 13729 | D:10     | Reached XP level 11. HP: 73/101 MP: 10/10
 14092 | D:10     | Killed a white ugly thing
 14137 | D:10     | Found Leetos's Antique Armour Shoppe.
 14424 | D:10     | Bought a pair of glowing gloves for 195 gold pieces
 14820 | D:11     | Reached skill level 14 in Axes
 14974 | D:11     | Found a staircase to the Lair.
 15410 | D:11     | Reached skill level 10 in Armour
 16319 | Lair:1   | Entered Level 1 of the Lair of Beasts
 16367 | Lair:1   | Identified the +2 plate armour of the Ban {rN+} (You found
                  | it on level 1 of the Lair of Beasts)
 17168 | Lair:1   | Reached skill level 15 in Axes
 17799 | Lair:2   | Reached XP level 12. HP: 104/112 MP: 11/11
 18065 | Lair:2   | Found a hole to the Spider Nest.
 18306 | Lair:2   | Identified the Papyrus of Transmutation and Venom
 18911 | Lair:2   | Noticed an eight-headed hydra
 18922 | Lair:2   | Killed a 12-headed hydra
 18922 | Lair:2   | Reached skill level 16 in Axes
 19137 | Lair:3   | Noticed a six-headed hydra
 19148 | Lair:3   | Killed a six-headed hydra
 20806 | Lair:4   | Noticed an eight-headed hydra
 20821 | Lair:4   | Killed a 13-headed hydra
 21090 | Lair:4   | Reached skill level 17 in Axes
 21840 | Lair:4   | Found a staircase to the Shoals.
 22136 | Lair:5   | Noticed a death yak
 22145 | Lair:5   | Noticed a death yak
 22163 | Lair:4   | Killed a death yak
 22163 | Lair:4   | Reached XP level 13. HP: 76/122 MP: 12/12
 23269 | Lair:5   | Noticed Sonja
 23286 | Lair:5   | Killed Sonja
 23837 | Lair:5   | Reached skill level 18 in Axes
 24499 | Lair:6   | Entered Level 6 of the Lair of Beasts
 25162 | Lair:6   | Noticed an entropy weaver
 25184 | Lair:6   | Noticed an entropy weaver
 25385 | Lair:6   | Noticed Urug
 25404 | Lair:6   | Killed Urug
 25480 | Lair:6   | Bought a brightly glowing buckler for 266 gold pieces
 25480 | Lair:6   | Bought a pair of faintly humming boots for 266 gold pieces
 25480 | Lair:6   | Identified the cursed +0 buckler "Uroeviol" {rF- Int+3
                  | Stlth+} (You bought it in a shop on level 6 of the Lair of
                  | Beasts)
 25481 | Lair:6   | Identified the +2 pair of boots of Surprise {rElec Dex+2}
                  | (You bought it in a shop on level 6 of the Lair of Beasts)
 25588 | Lair:6   | Reached skill level 15 in Fighting
 25646 | Lair:6   | Reached XP level 14. HP: 99/135 MP: 13/13
 25987 | Lair:6   | Reached skill level 5 in Dodging
 26370 | Lair:6   | Identified the +6 shortbow of the Depths {freeze, rF- rC+
                  | Str+6 SInv} (You found it on level 6 of the Lair of Beasts)
 26635 | Lair:6   | Found a staircase to the Slime Pits.
 27262 | Lair:6   | Killed an entropy weaver
 27738 | Lair:6   | Reached skill level 15 in Armour
 28246 | Lair:6   | Killed an entropy weaver
 29346 | D:12     | Found Otwodweo's Antique Armour Shoppe.
 29359 | D:12     | Bought a brightly glowing large shield for 285 gold pieces
 29545 | D:12     | Found Xuviaskysch's Antique Weapon Boutique.
 29686 | D:12     | Found Xidacy's Distillery.
 29711 | D:12     | Bought a potion of haste for 160 gold pieces
 29711 | D:12     | Bought a potion of curing for 48 gold pieces
 29830 | D:12     | Identified the cursed +0 large shield of the King of the
                  | Hill {rN+ Dex+4 Slay-4} (You bought it in a shop on level
                  | 12 of the Dungeon)
 29897 | D:12     | Found Laviez's Magic Scroll Shoppe.
 29903 | D:12     | Found Vupuchejoq's Distillery.
 29931 | D:12     | Bought a potion of resistance for 140 gold pieces
 29931 | D:12     | Bought a potion of curing for 42 gold pieces
 29936 | D:12     | Bought a scroll of teleportation for 42 gold pieces
 29936 | D:12     | Bought a scroll of teleportation for 42 gold pieces
 29936 | D:12     | Bought a scroll of brand weapon for 280 gold pieces
 29936 | D:12     | Bought a scroll of identify for 28 gold pieces
 29936 | D:12     | Bought a scroll of fear for 49 gold pieces
 29936 | D:12     | Bought a scroll of fear for 49 gold pieces
 30030 | D:13     | Noticed Frances
 30110 | D:13     | Found a blossoming altar of Fedhas.
 30127 | D:13     | Noticed Snorg
 30137 | D:13     | Killed Snorg
 30161 | D:13     | Found a frozen archway.
 30202 | IceCv    | Entered an ice cave
 30249 | IceCv    | Reached XP level 15. HP: 97/147 MP: 14/14
 30889 | IceCv    | Got a wavering turquoise ring
 30892 | IceCv    | Identified the ring "Dazuc" {Str+6 Int+2 Slay+3} (You found
                  | it in an ice cave)
 30894 | IceCv    | Identified the ring of Gifid Kyral {*Tele rElec} (You found
                  | it in an ice cave)
 31186 | D:13     | Killed Frances
 31186 | D:13     | Reached skill level 10 in Dodging
 32812 | D:14     | Identified a scroll of acquirement
 32821 | D:14     | Got a fine executioner's axe
 33105 | D:14     | Found a gate to the Vaults.
 33327 | D:15     | Entered Level 15 of the Dungeon
 33393 | D:15     | Found a gate leading to a gauntlet.
 33472 | Gauntlet | Entered a Gauntlet
 33472 | Gauntlet | Found a transporter.
 33472 | Gauntlet | Found a transporter.
 33472 | Gauntlet | Found a transporter.
 33492 | Gauntlet | Found a transporter.
 33502 | Gauntlet | Found a transporter.
 33506 | Gauntlet | Found a transporter.
 33516 | Gauntlet | Found a transporter.
 33537 | Gauntlet | Found a transporter.
 33542 | Gauntlet | Found a transporter.
 33562 | Gauntlet | Found a transporter.
 33562 | Gauntlet | Found a transporter.
 33606 | Gauntlet | Found a transporter.
 33834 | Gauntlet | Got a scintillating graven amulet
 33862 | Gauntlet | Identified the Grimoire of Feathery Attacks
 33863 | Gauntlet | Got a sparkling ruby amulet
 33864 | Gauntlet | Identified the amulet of the Past {Faith Stlth+} (You found
                  | it in a Gauntlet)
 33868 | Gauntlet | Got a bloodstained whip
 33889 | D:15     | Noticed Louise
 33909 | D:15     | Killed Louise
 34096 | D:15     | Noticed Jorgrun
 34115 | D:15     | Killed Jorgrun
 34559 | D:15     | Found a staircase to the Depths.
 34811 | D:15     | Identified the +9 whip "Qyus" {freeze, rF+} (You found it
                  | in a Gauntlet)
 34883 | D:15     | Noticed Rupert
 34892 | D:15     | Killed Rupert
 34892 | D:15     | Reached XP level 16. HP: 147/159 MP: 15/15
 35163 | Orc:1    | Entered Level 1 of the Orcish Mines
 35303 | Orc:2    | Entered Level 2 of the Orcish Mines
 35448 | Orc:2    | Found a roughly hewn altar of Beogh.
 35480 | Orc:2    | Found a staircase to the Elven Halls.
 35845 | Orc:2    | Found Noshrou's General Store.
 36031 | Orc:2    | Found a runed translucent gate.
 36031 | Orc:2    | Found a runed translucent gate.
 36031 | Orc:2    | Found a runed translucent gate.
 36032 | Orc:2    | Noticed PlumEater's ghost (journeyman GrEE)
 36032 | Orc:2    | Noticed Toftenius's ghost (journeyman MiFi)
 36033 | Orc:2    | Noticed Amen's ghost (journeyman GnWz)
 36033 | Orc:2    | Noticed alprk's ghost (journeyman MiMo)
 36080 | Orc:2    | Found Esobexty's General Store.
 36362 | Orc:2    | Bought a scroll of identify for 28 gold pieces
 36362 | Orc:2    | Bought a potion of haste for 140 gold pieces
 36362 | Orc:2    | Identified the +4 executioner's axe of the Sybil {flame,
                  | rC+ Str-2 Dex+4} (You acquired it on level 14 of the
                  | Dungeon)
 36484 | Orc:2    | Found Vasapoe's Book Shop.
 36484 | Orc:2    | Found a one-way gate leading to the halls of Pandemonium.
 36484 | Orc:2    | Found Faumpis's Antique Weapon Boutique.
 36898 | Orc:1    | Noticed Nergalle
 36905 | Orc:1    | Killed Nergalle
 37166 | D:9      | Bought a pair of faintly humming gloves for 389 gold pieces
 37176 | D:9      | Identified the +2 pair of gloves "Vuguxug" {Int+5 Dex-3}
                  | (You bought it in a shop on level 9 of the Dungeon)
 37194 | D:9      | Bought a pair of heavily runed gloves for 399 gold pieces
 37204 | D:9      | Identified the +1 pair of gloves of Resonance {rF++} (You
                  | bought it in a shop on level 9 of the Dungeon)
 37442 | D:8      | Bought the +9 heavy crossbow "Sniper" {velocity, Acc+∞
                  | SInv} for 996 gold pieces
 37442 | D:8      | Found the +9 heavy crossbow "Sniper" {velocity, Acc+∞ SInv}
 37539 | Spider:1 | Entered Level 1 of the Spider Nest
 37641 | Spider:1 | Reached skill level 19 in Axes
 38081 | Spider:1 | Found a runed translucent gate.
 38081 | Spider:1 | Noticed Kolostyj's ghost (adept OpWn)
 38363 | Spider:1 | Found a runed translucent gate.
 38364 | Spider:1 | Found a runed translucent gate.
 38364 | Spider:1 | Noticed Zaguo's ghost (adept MfTm)
 38365 | Spider:1 | Noticed Len Mot's ghost (journeyman MiBe)
 38365 | Spider:1 | Noticed Len Mot's ghost (journeyman MiBe)
 38484 | Spider:1 | Identified the amulet "Tougisih" {Harm *Drain +Inv rElec
                  | Int+6 Dex-2} (You found it in a Gauntlet)
 39707 | Spider:3 | Noticed Donald
 39710 | Spider:3 | Killed Donald
 40047 | Spider:3 | Identified Roxanne's Catalogue of Shape Shifting
 40047 | Spider:3 | Noticed Roxanne
 40070 | Spider:3 | Killed Roxanne
 40430 | Spider:3 | Reached skill level 20 in Axes
 40430 | Spider:3 | Reached XP level 17. HP: 141/169 MP: 16/16
 40460 | Spider:3 | Noticed Arachne
 40469 | Spider:3 | Killed Arachne
 40737 | Spider:4 | Entered Level 4 of the Spider Nest
 41807 | Spider:4 | Reached skill level 15 in Dodging
 42576 | Spider:4 | Got a gossamer rune of Zot
 42779 | Shoals:1 | Entered Level 1 of the Shoals
 43039 | Shoals:1 | Found a runed translucent door.
 43039 | Shoals:1 | Noticed Movoyn's ghost (adept MiMo)
 43061 | Shoals:1 | Killed Movoyn's ghost
 43236 | Shoals:1 | Identified the ring "Detrar" {Str+4 SInv} (You found it on
                  | level 1 of the Shoals)
 43869 | Shoals:2 | Noticed Ilsuiw
 44354 | Shoals:1 | Killed Ilsuiw
 45991 | Shoals:3 | Reached XP level 18. HP: 159/178 MP: 17/17
 46334 | Shoals:4 | Entered Level 4 of the Shoals
 46700 | Shoals:4 | Noticed Polyphemus
 46934 | Shoals:4 | Killed Polyphemus
 47123 | Shoals:4 | Identified Wyxaatiu's Catalogue of Warped Unholy Rites
 47289 | Shoals:4 | Identified the +2 plate armour "Samurack" {Slay+2} (You
                  | found it on level 4 of the Shoals)
 47319 | Shoals:4 | Found the +8 mithril axe "Arga" {speed, MR+}
 47540 | Shoals:4 | Identified the +0 cloak of the Tick {rF+} (You found it on
                  | level 4 of the Shoals)
 48141 | Shoals:4 | Got a barnacled rune of Zot
 48400 | Shoals:4 | Identified the +2 hand crossbow of the Lost Cities {penet,
                  | +Fly Dex+4} (You found it on level 4 of the Shoals)
 48438 | Shoals:4 | Upgraded the game from 0.24-b1 to 0.25-a0-2-g6559c6c67a
 48438 | Shoals:4 | Bought a translucent cloak for 247 gold pieces
 48438 | Shoals:4 | Bought a faintly glowing plate armour for 728 gold pieces
 48560 | Shoals:4 | Bought a pair of encrusted gloves for 342 gold pieces
 48836 | Elf:1    | Entered Level 1 of the Elven Halls
 48873 | Elf:1    | Found an ancient bone altar of Kikubaaqudgha.
 49255 | Elf:1    | Found a magical portal.
 50150 | Elf:2    | Identified the cursed -5 pair of gloves "Ryivasa" {Slay+5}
                  | (You bought it in a shop on level 4 of the Shoals)
 50152 | Elf:2    | Identified the +6 plate armour "Earthly Heaven" {-Tele
                  | rPois rC- Int+7} (You bought it in a shop on level 4 of the
                  | Shoals)
 50281 | Elf:2    | Found a huge runed translucent gate.
 50281 | Elf:2    | Found a huge runed translucent gate.
 50282 | Elf:2    | Found a huge runed translucent gate.
 50283 | Elf:2    | Found a huge runed translucent gate.
 50289 | Elf:2    | Found a huge runed translucent gate.
 50369 | Elf:2    | Identified the +2 cloak "Tugead" {Str+6} (You bought it in
                  | a shop on level 4 of the Shoals)
 50552 | Elf:2    | Found Coudoj's Antique Weapon Emporium.
 50690 | Elf:2    | Reached XP level 19. HP: 134/185 MP: 18/18
 51681 | Elf:3    | Entered Level 3 of the Elven Halls
 52007 | Elf:3    | Found a shimmering blue altar of Sif Muna.
 52811 | Elf:3    | Noticed a Brimstone Fiend
 53187 | Elf:3    | Identified the ring "Semyek" {rPois Str+4}
 53865 | Elf:3    | Identified the +7 dagger of Innocence {freeze, rPois}
 54782 | Elf:3    | Identified the +0 pair of boots "Xaax" {rCorr} (You found
                  | it on level 3 of the Elven Halls)
 55106 | Vaults:1 | Entered Level 1 of the Vaults
 55976 | Vaults:1 | Found Foalyfiq's Antique Weapon Shop.
 56397 | Vaults:1 | Reached XP level 20. HP: 183/193 MP: 19/19
 56513 | Vaults:1 | Identified the cursed +0 plate armour of Understanding
                  | {Dex+4}
 56605 | Vaults:1 | Reached skill level 1 in Crossbows
 57206 | Vaults:2 | Paralysed by a hornet for 2 turns
 57336 | Vaults:2 | Reached skill level 5 in Crossbows
 57421 | Vaults:2 | Found Boseekh's Armour Boutique.
 58351 | Vaults:2 | Reached skill level 21 in Axes
 58351 | Vaults:2 | Reached skill level 1 in Evocations
 59573 | Vaults:3 | Reached skill level 5 in Evocations
 59582 | Vaults:3 | Noticed a bone dragon
 59654 | Vaults:3 | Killed a bone dragon
 59838 | Vaults:3 | Reached XP level 21. HP: 176/201 MP: 24/24
 59998 | Vaults:3 | You fall into a shaft and drop 1 floor!
 60123 | Vaults:4 | Reached skill level 22 in Axes
 60254 | Vaults:4 | Found a glowing golden altar of the Shining One.
 62163 | Vaults:3 | Found a staircase to the Crypt.
 62679 | Depths:1 | Entered Level 1 of the Depths
 62731 | Depths:1 | Found Kallu's Antique Weapon Shop.
 62731 | Depths:1 | Found Unesch's Antique Weapon Boutique.
 63165 | Depths:1 | Reached skill level 23 in Axes
 63590 | Depths:1 | Found a huge runed gate.
 63590 | Depths:1 | Found a huge runed gate.
 63591 | Depths:1 | Found a huge runed gate.
 63592 | Depths:1 | Found a huge runed gate.
 63605 | Depths:1 | Found a huge runed gate.
 63605 | Depths:1 | Found a huge runed gate.
 63605 | Depths:1 | Found a huge runed gate.
 63605 | Depths:1 | Found a huge runed gate.
 63605 | Depths:1 | Found a huge runed gate.
 63605 | Depths:1 | Found a huge runed gate.
 63606 | Depths:1 | Found a huge runed gate.
 63606 | Depths:1 | Found a huge runed gate.
 63637 | Depths:1 | Found a huge runed gate.
 63638 | Depths:1 | Found a huge runed gate.
 63640 | Depths:1 | Found a huge runed gate.
 63640 | Depths:1 | Found a huge runed gate.
 63640 | Depths:1 | Found a huge runed gate.
 63640 | Depths:1 | Found a huge runed gate.
 63640 | Depths:1 | Found a huge runed gate.
 63640 | Depths:1 | Found a huge runed gate.
 63640 | Depths:1 | Found a huge runed gate.
 63641 | Depths:1 | Found a huge runed gate.
 63642 | Depths:1 | Found a huge runed gate.
 63670 | Depths:1 | Found a gateway to Hell.
 63704 | Depths:1 | Found a huge runed gate.
 63704 | Depths:1 | Found a huge runed gate.
 63704 | Depths:1 | Found a huge runed gate.
 63704 | Depths:1 | Found a huge runed gate.
 63722 | Depths:1 | Noticed a juggernaut
 63743 | Depths:1 | Killed a juggernaut
 63959 | Depths:1 | Reached skill level 10 in Evocations
 64248 | Depths:1 | Reached XP level 22. HP: 191/209 MP: 28/28
 64566 | Depths:2 | Noticed Asterion
 64925 | Depths:1 | Killed Asterion
 65754 | Depths:2 | Reached skill level 24 in Axes
 65820 | Depths:2 | Found the +6 shillelagh "Devastator" {shatter}
 66902 | Depths:3 | Found an iron altar of Okawaru.
 67544 | Depths:3 | Noticed a juggernaut
 67560 | Depths:3 | Killed a juggernaut
 67560 | Depths:3 | Reached skill level 25 in Axes
 68571 | Depths:4 | Reached XP level 23. HP: 179/215 MP: 31/31
 68679 | Depths:4 | Found a one-way gate to the infinite horrors of the Abyss.
 68731 | Depths:4 | Noticed the Enchantress
 69418 | Depths:4 | Reached skill level 26 in Axes
 69590 | Depths:4 | Found a gateway to a ziggurat.
 69882 | Depths:4 | Found Hasodiop's Food Shoppe.
 69989 | Depths:4 | Bought a ration for 55 gold pieces
 69989 | Depths:4 | Bought a ration for 55 gold pieces
 69989 | Depths:4 | Bought a ration for 55 gold pieces
 69989 | Depths:4 | Bought a ration for 55 gold pieces
 69989 | Depths:4 | Bought a ration for 55 gold pieces
 69989 | Depths:4 | Bought a ration for 55 gold pieces
 69989 | Depths:4 | Bought a ration for 55 gold pieces
 69989 | Depths:4 | Bought a ration for 55 gold pieces
 69989 | Depths:4 | Bought a ration for 55 gold pieces
 69989 | Depths:4 | Bought a ration for 55 gold pieces
 69989 | Depths:4 | Bought a ration for 55 gold pieces
 70249 | Depths:4 | Noticed a juggernaut
 70266 | Depths:4 | Killed a juggernaut
 70722 | Depths:4 | Cast into level 4 of the Abyss (the power of Zot)
 70746 | Abyss:4  | Found an ornate altar of the Wu Jian Council.
 70877 | Depths:4 | Escaped the Abyss
 70878 | Depths:4 | HP: 4/217 [spriggan defender/+5 demon whip of
                  | electrocution[the Enchantress] (20)]
 70879 | Depths:4 | Slain by a spriggan defender

Levels and vault maps discovered:
D:1:      elethiomel_arrival_infinity_welcomes_careful_drivers,
          layout_loops_ring, minmay_tree_intersection, minmay_split_cup_small
D:2:      layout_loops_ring, old_standard_altar, nicolae_overflow_hidden_temple,
          lemuel_coloured_pillars_altar, first_ration
D:3:      layout_loops_ring, chequers_ecumenical_altar_simple_redux,
          hangedman_abyss_or_decor_lesser_grid, minmay_misc_feat_rugged,
          nicolae_ru_the_path_less_chosen, uniq_jessica
D:4:      layout_layer_cave, nicolae_underground_beach, uniq_sigmund
D:5:      layout_basic
D:6:      layout_basic, marbit_many_paths, temple_pool_b
D:7:      layout_rooms, fedhas_bush_and_centaur_altar, the_bakery,
          kennysheep_windowed_goal
D:8:      layout_cave_pools, kennysheep_mini, nicolae_overflow_crystal_walls,
          lemuel_round_altar, enter_ossuary_1, serial_shops, shop
D:9:      layout_stronghold, hiddenorc1_lemuel
D:10:     layout_cave_pools, serial_gnoll_camp, gnoll_camp_mini_sergeant,
          gnoll_camp_mini_shop, gnoll_camp_medium_02, gnoll_camp_medium_01
D:11:     layout_long_grid, erik_lair_island, uniq_psyche
D:12:     layout_rooms, serial_shops, shop, shop, shop_fountains, shop,
          shop_fountains
D:13:     layout_roguey, basic_altar, portal_ice_cave_entry_imps, uniq_frances,
          uniq_snorg
D:14:     layout_grid_maze, david_vaults_1, palyth_stone_intersect,
          serial_park_tiny_1, minmay_crystal_water
D:15:     gammafunk_enter_depths_forms, layout_loops_ring,
          gauntlet_entry_generic, hangedman_decor_clover_reticule, uniq_louise,
          uniq_jorgrun, uniq_rupert
Temple:   nicolae_temple_figure_eight
Lair:1:   beast_lair_carwin_large_1, layout_misc_corridors, lemuel_fruit_fields,
          lemuel_fruit_fields
Lair:2:   cheibrodos_lair_river_kwai, layout_regular_city,
          nicolae_spider_entry_orb_guardian
Lair:3:   layout_chaotic_city
Lair:4:   pond_and_an_island_with_a_cottage, layout_small_grid,
          elwin_shoals_entry_rocks
Lair:5:   wander_river, layout_loops_ring, infiniplex_staircase_pool_2,
          uniq_sonja
Lair:6:   hangedman_lair_in_review, layout_big_grid,
          hangedman_lair_caniforms_friends, minmay_slime_entry_oklob_open,
          minivault_29, uniq_urug
Shoals:1: layout_shoals, ebering_ghost_reflecting_pool
Shoals:2: layout_shoals, nicolae_shoals_arrival_archipelago, uniq_ilsuiw
Shoals:3: layout_shoals
Shoals:4: shoals_end_simple, layout_shoals, uniq_polyphemus
Spider:1: layout_spider_delve, gammafunk_ghost_cemetery,
          nicolae_spider_circle_web, spiders_nest_spider_trap
Spider:2: layout_spider_delve, hangedman_spider_tarantella_strand
Spider:3: layout_spider_delve, nicolae_spider_webs_and_nodes, uniq_donald,
          uniq_arachne, uniq_roxanne
Spider:4: grunt_spider_rune_circles
Orc:1:    layout_caves, uniq_nergalle
Orc:2:    pf_orc_diabolical, layout_caves, special_room, basic_altar,
          gammafunk_ghost_cemetery, mines_bat_river
Elf:1:    layout_onion_city, mu_enter_wizlab_2, basic_altar,
          kennysheep_underground_church
Elf:2:    layout_geoelf_diagonals, serial_shops, shop
Elf:3:    elf_hall_gauntlet_narrow, layout_geoelf_castle, basic_altar
Vaults:1: nicolae_vaults_rhombus_6, nicolae_vaults_network_s, v_misc_23,
          nicolae_vaults_quartermaster, nicolae_vaults_mini_display_case,
          v_misc_16, v_misc_12, ontoclasm_vaults_loading_screen,
          nicolae_vaults_network_square, v_misc_12,
          hangedman_vaults_stretched_pinwheel, nicolae_vaults_little_ls,
          v_alt_pattern_2, hangedman_vaults_stretched_pinwheel, v_misc_23,
          layout_vaults_big_cross, serial_shops, shop
Vaults:2: vaults_standard_mumra_x, hangedman_vaults_unwind, vaults_room_boxed,
          ontoclasm_vaults_shuriken, v_rooms_6, ontoclasm_vaults_gateway,
          nicolae_vaults_specimen_jars, vaults_dpeg_hooks,
          ontoclasm_vaults_pinch, v_pattern_3, v_misc_9,
          ontoclasm_vaults_water_temple, ontoclasm_vaults_twist,
          vaults_room_pools, vaults_room_semicircle, layout_vaults_ring,
          serial_shops, shop_fountains
Vaults:3: ontoclasm_vaults_decontamination, hangedman_vaults_pinch,
          nicolae_vaults_little_squares_5, minmay_crypt_entry_nasty_monster,
          v_alt_pattern_5, nicolae_vaults_what_the_h, v_misc_8,
          nicolae_vaults_three_branches, nicolae_vaults_gold_heap,
          layout_vaults_big_room
Vaults:4: nicolae_vaults_yaktaur_gun_rack, v_rooms_3, v_pattern_5, v_rooms_4,
          serial_ice_g, nicolae_vaults_little_squares_1,
          hangedman_vaults_impose, hangedman_vaults_nails,
          vaults_room_door_hall, layout_vaults_omnigrid, basic_altar
Depths:1: layout_basic, pf_hell_entry_great_geh, minmay_door_square, door_vault,
          minmay_shoptagon
Depths:2: minmay_roctagon, layout_cave_pools, hell_entry,
          hangedman_decor_points, infiniplex_staircase_zigzag_4, uniq_asterion
Depths:3: evilmike_iron_armoury, layout_gridlike, rand_demon_pan_entry_3,
          hellmouth_3, minmay_staircase_bubble
Depths:4: minmay_the_grid_plus_closed [minmay_the_grid_spin_star,
          minmay_the_grid_tree, minmay_the_grid_minigrid_small_alt,
          minmay_the_grid_mess, minmay_the_grid_prize_four_corners_diamond_a],
          layout_cave_shapes, enter_ziggurat_d, minmay_hedge_maze,
          lightli_too_deep, abyss_entry, serial_shops,
          nicolae_shop_window_shopping, serial_glass, glass_columns_a,
          glass_columns_a, glass_columns_a, glass_columns_c, glass_columns_b,
          glass_columns_a, glass_columns_b, glass_columns_b,
          minmay_variable_closet, uniq_enchantress

Skill      XL: |  1  2  3  4  5  6  7  8  9 10 11 12 13 14 15 16 17 18 19 20 21 22 23 |
---------------+----------------------------------------------------------------------+-----
Fighting       | 3 4 5 6 7 9 10 12 13 15 17 18 19 20 | 20.5
Dodging        | 2 3 4 9 12 13 16 18 20 | 20.4
Axes           | 2 3 5 6 9 11 13 15 17 18 20 21 23 25 26 | 26.0
Armour         | 2 3 5 7 9 11 12 14 15 16 19 20 21 | 21.5
Crossbows      | 7 |  7.0
Evocations     | 5 10 12 | 12.0
Short Blades   | |  2.1
Throwing       | |  2.0
Stealth        | |  3.2

Action                   |  1- 3 |  4- 6 |  7- 9 | 10-12 | 13-15 | 16-18 | 19-21 | 22-24 || total
-------------------------+-------+-------+-------+-------+-------+-------+-------+-------++-------
Melee: Dagger            |   104 |   131 |   282 |   332 |       |       |       |       ||   849
       Headbutt          |    10 |    16 |   104 |   192 |   414 |   362 |   405 |   246 ||  1749
       War axe           |       |     9 |   175 |    53 |       |       |       |       ||   237
       Broad axe         |       |       |       |   613 |  1640 |       |       |       ||  2253
       Flail             |       |       |       |     9 |    26 |       |       |       ||    35
       Battleaxe         |       |       |       |       |    40 |  1721 |  1547 |   859 ||  4167
 Fire: Heavy crossbow    |       |       |       |       |       |    69 |    49 |     8 ||   126
Throw: Dart              |       |    11 |     3 |    21 |       |       |       |       ||    35
Invok: Call Merchant     |       |       |       |     1 |     1 |     6 |     2 |     2 ||    12
       Potion Petition   |       |       |       |       |       |       |     1 |       ||     1
Evoke: Wand              |       |     4 |     3 |    11 |     5 |     1 |     4 |       ||    28
  Use: Potion            |       |       |     2 |     2 |     5 |     4 |     5 |     3 ||    21
       Scroll            |       |       |    15 |     9 |    21 |    17 |     5 |     4 ||    71
 Stab: Sleeping          |     3 |     4 |       |       |       |       |       |       ||     7
       Paralysed         |       |     2 |       |     9 |       |       |       |       ||    11
       Distracted        |       |       |     1 |     4 |    11 |    13 |    13 |     6 ||    48
       Confused          |       |       |       |       |     3 |       |       |       ||     3
       Invisible         |       |       |       |       |     2 |     6 |       |       ||     8
       Petrified         |       |       |       |       |       |     1 |       |       ||     1
  Eat: Chunk             |     3 |     6 |     6 |       |       |       |       |       ||    15
       Ration            |       |     1 |     5 |    11 |    14 |    16 |    13 |     6 ||    66
Armor: Robe              |    21 |    12 |       |       |       |       |       |       ||    33
       Scale mail        |       |    10 |       |       |       |       |       |       ||    10
       Chain mail        |       |    26 |   200 |       |       |       |       |       ||   226
       Plate armour      |       |       |    23 |   623 |  1006 |   971 |   597 |   354 ||  3574
Dodge: Dodged            |    48 |    62 |   146 |   368 |   682 |  1086 |   908 |   645 ||  3945
       Deflected         |       |       |       |       |       |    65 |    90 |    59 ||   214

Table legend:
 A = Non-vault XP
 B = Vault XP
 C = Vault XP percentage of total XP
 D = Non-vault monster count
 E = Vault monster count
 F = Vault count percentage of total count
                 A         B        C        D         E       F
            +---------+---------+-------+---------+---------+-------
      Total |  526452 |  384415 |  42.2 |    1330 |     742 |  35.8
            +---------+---------+-------+---------+---------+-------
        D:1 |      41 |       5 |  10.9 |      19 |       3 |  13.6
        D:2 |      59 |       0 |   0.0 |      19 |       0 |   0.0
        D:3 |      30 |      37 |  55.2 |      16 |       1 |   5.9
        D:4 |     520 |     227 |  30.4 |      16 |       1 |   5.9
        D:5 |     514 |       0 |   0.0 |      17 |       0 |   0.0
        D:6 |     430 |      45 |   9.5 |      11 |       1 |   8.3
        D:7 |    1631 |     465 |  22.2 |      29 |       5 |  14.7
        D:8 |    1118 |       0 |   0.0 |      15 |       0 |   0.0
        D:9 |    1762 |     218 |  11.0 |      25 |      17 |  40.5
       D:10 |    2875 |     871 |  23.3 |      22 |      30 |  57.7
       D:11 |    3951 |    1180 |  23.0 |      26 |       9 |  25.7
       D:12 |    5127 |       0 |   0.0 |      37 |       0 |   0.0
       D:13 |    6229 |    3545 |  36.3 |      31 |      14 |  31.1
       D:14 |   12421 |    5382 |  30.2 |      46 |       7 |  13.2
       D:15 |   14555 |   11041 |  43.1 |      40 |      14 |  25.9
     Lair:1 |    3679 |    1623 |  30.6 |      22 |       9 |  29.0
     Lair:2 |    3171 |    2957 |  48.3 |      21 |       7 |  25.0
     Lair:3 |    4910 |       0 |   0.0 |      20 |       0 |   0.0
     Lair:4 |   10354 |    1065 |   9.3 |      30 |       5 |  14.3
     Lair:5 |    7236 |     814 |  10.1 |      35 |       1 |   2.8
     Lair:6 |   11483 |   29690 |  72.1 |      35 |     123 |  77.8
   Shoals:1 |    9132 |    4327 |  32.1 |      20 |       2 |   9.1
   Shoals:2 |    8938 |    1570 |  14.9 |      19 |       4 |  17.4
   Shoals:3 |   20298 |     892 |   4.2 |      40 |       1 |   2.4
   Shoals:4 |   11804 |   27519 |  70.0 |      24 |      41 |  63.1
   Spider:1 |   13670 |    2378 |  14.8 |      36 |       6 |  14.3
   Spider:2 |   14294 |     210 |   1.4 |      47 |       1 |   2.1
   Spider:3 |    4216 |    7601 |  64.3 |      11 |       3 |  21.4
   Spider:4 |    3068 |   26925 |  89.8 |       6 |      44 |  88.0
      Orc:1 |    1979 |     945 |  32.3 |      32 |       2 |   5.9
      Orc:2 |    3368 |   15960 |  82.6 |      42 |      72 |  63.2
      Elf:1 |   13589 |    3694 |  21.4 |      21 |       6 |  22.2
      Elf:2 |   18001 |   25798 |  58.9 |      30 |      31 |  50.8
      Elf:3 |   10210 |   36210 |  78.0 |      19 |      24 |  55.8
   Vaults:1 |   23328 |   19797 |  45.9 |      50 |      33 |  39.8
   Vaults:2 |   35258 |   21897 |  38.3 |      56 |      28 |  33.3
   Vaults:3 |   34653 |   22008 |  38.8 |      51 |      28 |  35.4
   Vaults:4 |   34276 |   11663 |  25.4 |      52 |      22 |  29.7
   Depths:1 |   50887 |   31608 |  38.3 |      77 |      22 |  22.2
   Depths:2 |   20116 |       0 |   0.0 |      37 |       0 |   0.0
   Depths:3 |   68049 |   18450 |  21.3 |      77 |      33 |  30.0
   Depths:4 |   22943 |   35659 |  60.8 |      30 |      20 |  40.0
    Abyss:4 |   12279 |       0 |   0.0 |      21 |       0 |   0.0
    Ossuary |       0 |     379 | 100.0 |       0 |      39 | 100.0
      IceCv |       0 |    5491 | 100.0 |       0 |      20 | 100.0
   Gauntlet |       0 |    4269 | 100.0 |       0 |      13 | 100.0
            +---------+---------+-------+---------+---------+-------
